Map: Ley Lines

Players

Vaisravana

  • Race: Zerg Zerg
  • Spawn Location: 7:00

A.I. 2 (Very Easy) - Winner!

  • Race: Protoss Protoss
  • Spawn Location: 1:00

VOD

Have the link to the VOD?

Description

Time

  • Played on: June 19, 2025, 2:47 p.m.
  • Length: 10:45
Show
View Real Time Build Order
Export as new Build Order

Vaisravana Zerg 

Build Orders: Pool First, Lurkers, Roach Hydra 

Get SALT Encoding   

  12  0:02  Drone  
  13  0:12  Overlord  
  13  0:17  Drone  
  14  0:31  Drone x2  
  16  0:42  Spawning Pool  
  15  0:45  Drone  
  15  0:49  Drone  
  17  1:10  Hatchery  
  16  1:12  Drone  
  16  1:14  Extractor  
  16  1:28  Zergling x4  
  16  1:29  Zergling x2  
  19  1:36  Queen  
  21  1:42  Drone  
  22  1:50  Overlord  
  22  2:11  Drone x2, Queen  
  26  2:19  Metabolic Boost  
  26  2:23  Drone  
  26  2:27  Drone  
  28  2:35  Drone x2  
  30  2:48  Hatchery  
  29  2:58  Queen  
  29  2:59  Drone  
  29  3:02  Drone  
  33  3:06  Overlord  
  33  3:08  Drone  
  33  3:12  Drone  
  35  3:18  Drone  
  36  3:24  Drone x3  
  36  3:26  Drone x2  
  41  3:32  Drone  
  42  3:34  Overlord  
  42  3:40  Queen  
  44  3:54  Drone x8  
  52  4:02  Spore Crawler  
  52  4:03  Spore Crawler  
  52  4:07  Queen  
  52  4:12  Queen  
  54  4:20  Drone x2  
  56  4:29  Drone x2  
  58  4:32  Overlord x2  
  58  4:51  Drone x8  
  58  4:52  Drone x3  
  69  4:55  Lair  
  69  4:58  Roach Warren  
  68  5:08  Evolution Chamber, Extractor x2  
  68  5:09  Zergling x6  
  68  5:10  Drone  
  68  5:11  Drone x5  
  74  5:20  Overlord x3  
  74  5:26  Extractor  
  74  5:27  Extractor  
  72  5:34  Zerg Missile Weapons Level 1  
  71  5:35  Drone  
  71  5:36  Drone  
  71  5:42  Drone  
  74  5:43  Drone x3  
  74  5:44  Drone  
  74  5:46  Roach x4  
  86  5:51  Glial Reconstitution  
  86  5:52  Hatchery, Overlord  
  86  5:53  Roach  
  87  6:00  Roach x4  
  95  6:06  Overlord  
  95  6:07  Roach  
  97  6:12  Overlord  
  97  6:15  Roach x4  
  105  6:27  Hydralisk Den  
  105  6:31  Drone  
  105  6:32  Drone, Overlord  
  106  6:33  Roach  
  106  6:34  Roach x6  
  120  6:41  Overlord x2  
  120  6:42  Overlord  
  120  6:43  Overseer  
  120  6:51  Extractor  
  120  6:53  Drone  
  120  7:02  Drone x9  
  120  7:03  Drone  
  130  7:09  Drone x2  
  130  7:10  Drone x2  
  130  7:11  Grooved Spines  
  130  7:13  Infestation Pit  
  133  7:16  Drone, Lurker Den  
  133  7:17  Drone x2  
  135  7:25  Hydralisk  
  135  7:26  Hydralisk x7  
  151  7:30  Extractor  
  151  7:31  Spore Crawler, Extractor  
  148  7:42  Overlord x2  
  148  7:46  Zerg Missile Weapons Level 2  
  148  7:55  Hive  
  148  7:56  Hydralisk x2  
  152  8:02  Muscular Augments  
  152  8:09  Hatchery  
  152  8:12  Hydralisk x2  
  151  8:17  Overlord  
  151  8:18  Overlord  
  151  8:19  Drone x7  
  163  8:20  Drone  
  163  8:22  Spine Crawler  
  163  8:23  Spine Crawler  
  163  8:24  Spine Crawler, Lurker  
  163  8:25  Lurker x4, Spine Crawler  
  164  8:36  Overlord x4  
  164  8:42  Hydralisk x4  
  164  8:44  Lurker  
  164  8:45  Lurker  
  174  8:57  Lurker  
  175  9:09  Seismic Spines, Spine Crawler  
  174  9:13  Lurker x3  
  174  9:14  Zergling x2  
  174  9:15  Zergling x40  
  198  9:24  Hatchery  
  197  9:30  Drone  
  197  9:31  Drone  
Show
View Real Time Build Order
Export as new Build Order

A.I. 2 (Very Easy) Protoss - Winner!

Build Orders:  

Get SALT Encoding   

  12  0:00  Probe  
  13  0:13  Probe  
  14  0:19  Pylon  
  14  0:37  Assimilator  
  14  0:42  Gateway  
  14  0:45  Pylon  
  14  1:12  Assimilator  
  14  1:17  Probe  
  14  1:25  Probe  
  15  1:31  Cybernetics Core  
  16  1:33  Probe  
  17  1:44  Probe  
  18  1:55  Probe  
  18  1:57  Warp Gate  
  19  2:03  Probe  
  19  2:04  Stalker  
  22  3:50  Probe  
  22  5:16  Probe  
  22  5:22  Zealot  
  22  5:24  Pylon, Probe  
  22  5:27  Robotics Facility  
  24  5:33  Probe  
  23  5:41  Probe  
  24  5:49  Probe  
  26  5:58  Pylon  
  26  6:01  Probe  
  27  6:13  Probe  
  27  6:15  Observer  
  27  6:18  Zealot  
  31  6:33  Observer  
  32  7:04  Nexus  
  32  7:14  Stalker  
  34  8:01  Observer  
  34  8:17  Probe  
  35  8:22  Probe  
  36  8:29  Assimilator  
  36  8:31  Assimilator, Probe  
  37  8:35  Probe  
  38  8:46  Probe  
  39  8:53  Probe  
  40  9:00  Probe  
  41  9:07  Probe  
  42  9:12  Probe  
  43  9:21  Probe  
  44  9:25  Probe  
  45  9:36  Probe  
  46  9:39  Probe  
  47  9:50  Probe  
  48  10:13  Stalker  
  46  10:14  Probe  
  46  10:15  Observer  
  46  10:17  Pylon  
Tags
 
Matchup
PvZ
Opening
Pool First
Spawn Locations
Cross Positions
Add a new tag
Caveats
  • Supply blocks, unpowered buildings, or Contaminate may cause inaccurate times.
  • Supply counts are checked every 10 seconds.